 Dungeon Crawl Stone Soup version 0.20.1-1-g8b1a95d (webtiles) character file.

723 letownia2 the Reanimator (level 7, 23/55 HPs)
             Began as a Deep Dwarf Necromancer on Nov 4, 2017.
             Quit the game on level 7 of the Dungeon.
             The game lasted 00:10:11 (3351 turns).

letownia2 the Reanimator (Deep Dwarf Necromancer)   Turns: 3351, Time: 00:10:11

Health: 23/55      AC:  6    Str: 12    XL:     7   Next: 43%
Magic:  12/12      EV: 11    Int: 17    God:
Gold:   159        SH:  0    Dex: 17    Spells: 9/13 levels left

rFire    . . .     SeeInvis .   h - +0 dagger
rCold    . . .     Gourm    .   (no shield)
rNeg     . . .     Faith    .   r - +0 ring mail
rPois    .         Spirit   .   (no helmet)
rElec    .         Reflect  .   (no cloak)
rCorr    .         Harm     .   t - +0 pair of gloves
MR       +....                  (no boots)
Stlth    +.........             (no amulet)
Regen    0.0/turn               m - +4 ring of dexterity
MPRegen  0.2/turn               (no ring)

@: mildly poisoned (23 -> 19), non-regenerating, drained
A: damage resistance, heal wounds, sense surroundings 1, no regeneration
a: Heal Wounds


You were on level 7 of the Dungeon.
You were hungry.

You visited 1 branch of the dungeon, and saw 7 of its levels.

You collected 159 gold pieces.

Inventory:

Hand Weapons
 h - a +0 dagger (weapon)
Armour
 r - a +0 ring mail (worn)
 t - a +0 pair of gloves (worn)
Jewellery
 m - a +4 ring of dexterity (left hand)
Wands
 n - a wand of flame (15/48)
 x - a wand of polymorph (3/24)
Scrolls
 e - 2 scrolls of identify
 j - a scroll of fear {unknown}
 p - a scroll of recharging {unknown}
 q - 2 scrolls of remove curse {unknown}
 u - a scroll of random uselessness {unknown}
 v - a scroll of blinking {unknown}
Potions
 a - a potion of curing {unknown}
 f - a potion of invisibility {unknown}
 g - 3 potions of flight {unknown}
 i - a potion of berserk rage {unknown}
 k - a potion of lignification {unknown}
 l - 4 potions of mutation {unknown}
 o - a potion of might {unknown}
Books
 b - a book of Necromancy

   Spells                             Type                      Level
   a - Pain                           Necromancy                   1
   b - Animate Skeleton               Necromancy                   1
   c - Vampiric Draining              Necromancy                   3
   d - Regeneration                   Charms/Necromancy            3
   e - Animate Dead                   Necromancy                   4
   f - Control Undead                 Necromancy                   4
Comestibles
 c - 5 bread rations
 d - 2 royal jellies
 s - 4 fruits
 w - a meat ration


   Skills:
 + Level 3.8(3.2) Armour
 - Level 2.1(1.6) Dodging
 - Level 2.4(1.9) Stealth
 + Level 3.7(3.1) Spellcasting
 - Level 8.1(7.4) Necromancy


You had 9 spell levels left.
You knew the following spells:

 Your Spells              Type           Power        Failure   Level  Hunger
a - Pain                  Necr           ####         1%          1    None
v - Vampiric Draining     Necr           ####......   4%          3    ###....


Dungeon Overview and Level Annotations

Branches:
Dungeon (7/15)             Temple (0/1) D:6

Altars:

Annotations:
D:4 Dowan, Duvessa


Innate Abilities, Weirdness & Mutations

You are resistant to damage.
You can heal yourself by infusing magical energy.
You passively map a small area around you.
You do not regenerate.


Message History

The wight hits you but does no damage.
The wight hits you from afar with a halberd of venom.
You feel drained.
You are more poisoned.
You hit the wight but do no damage.
The wight is heavily damaged.
The wight hits you with a mace.
You feel drained.
You closely miss the wight.
The wight is heavily damaged.
The wight hits you from afar with a halberd of venom!
You are more poisoned.
The wight closely misses you.
Unknown command.
You feel sick. The wight hits you with a mace.
You feel sick. The wight closely misses you.
The wight hits you from afar with a halberd of venom.
You are more poisoned.
You feel sick.
There is an open door here.
Are you sure you want to abandon this character and quit the game? (Confirm with "yes".)

#. ,, , ,+ , , ,, +.. ,,,,,
, *,, ,, #..., ,, ######## ,
#....###############......#
,(.................#........
,
..................#........
.........zz.......#..z.....
,
##'#####...##.##..##'###..#
* ,, ###@##.##..##..##... ,
,#<..........z.>..... ,
#................... ,
,#................... * *
####################


You could see 2 wights.

Vanquished Creatures
  2 ice beasts
  An ogre (D:4)
  A bullfrog zombie (D:5)
  A hound (D:4)
  2 orc priests
  2 orc wizards
  2 iguanas (D:4)
  4 worker ants
  3 gnolls (D:6)
  5 adders
  An ooze (D:3)
  3 adder skeletons
  2 dart slugs (D:1)
  A leopard gecko (D:5)
  10 orcs
  2 goblins
  2 hobgoblins
  2 jackals (D:4)
  2 quokkas
  A bat (D:3)
  A frilled lizard (D:5)
  A giant cockroach zombie (D:5)
  A kobold (D:1)
52 creatures vanquished.

Notes
Turn   | Place    | Note
-------+----------+-------------------------------------------
     0 | D:1      | letownia2 the Deep Dwarf Necromancer began the quest for the Orb.
     0 | D:1      | Reached XP level 1. HP: 15/15 MP: 3/3
   156 | D:2      | Reached XP level 2. HP: 19/22 MP: 0/5
   272 | D:2      | You fall through a shaft!
   427 | D:4      | Noticed an ogre
   430 | D:4      | Reached skill level 5 in Necromancy
   430 | D:4      | Reached XP level 3. HP: 24/28 MP: 2/6
   437 | D:3      | Learned a level 3 spell: Vampiric Draining
   835 | D:4      | Reached skill level 6 in Necromancy
   835 | D:4      | Reached XP level 4. HP: 24/36 MP: 0/7
   990 | D:4      | Noticed an ogre
  1054 | D:4      | Reached XP level 5. HP: 27/42 MP: 0/8
  1208 | D:4      | Killed an ogre
  1208 | D:4      | Reached skill level 7 in Necromancy
  1462 | D:4      | Reached XP level 6. HP: 45/49 MP: 4/9
  1523 | D:4      | Reached skill level 8 in Necromancy
  1784 | D:4      | Noticed Duvessa
  1974 | D:4      | Noticed Dowan
  2000 | D:4      | Reached skill level 1 in Armour
  2078 | D:5      | Entered Level 5 of the Dungeon
  2884 | D:6      | Noticed a wraith
  2988 | D:6      | Reached XP level 7. HP: 41/55 MP: 6/11
  3179 | D:6      | Found a staircase to the Ecumenical Temple.
  3351 | D:7      | Quit the game

Skill      XL: |  1  2  3  4  5  6  7 |
---------------+----------------------+-----
Spellcasting   | 2 3 |  3.7
Necromancy     | 5 6 7 8 |  8.1
Armour         | 2 3 |  3.8
Dodging        | |  2.1
Stealth        | |  2.4

Action                   |  1- 3 |  4- 6 |  7- 9 || total
-------------------------+-------+-------+-------++-------
Melee: Unarmed           |     7 |       |       ||     7
       Dagger            |     7 |    99 |    20 ||   126
 Cast: Pain              |    44 |    57 |    11 ||   112
       Vampiric Draining |       |    14 |     5 ||    19
Evoke: Wand              |       |       |     2 ||     2
  Use: Scroll            |       |       |     1 ||     1
  Eat: Chunk             |       |     9 |     1 ||    10
Armor: Robe              |       |     5 |       ||     5
       Ring mail         |       |    29 |     2 ||    31
       Skin              |       |       |    18 ||    18
Dodge: Dodged            |    16 |    56 |     2 ||    74
